 Dungeon Crawl Stone Soup version 0.18.1-48-g4cf74bf (console) character file.

15180 Kloppie the Impaler (level 12, 0/145 HPs)
             Began as a Merfolk Berserker on Aug 28, 2016.
             Was an Elder of Trog.
             Slain by a fire bat (4 damage)
             ... in a volcano.
             The game lasted 00:23:23 (14051 turns).

Kloppie the Impaler (Merfolk Berserker)            Turns: 14051, Time: 00:23:24

Health: 0/145      AC: 11    Str: 22    XL:     12   Next: 24%
Magic:  12/12      EV: 18    Int:  5    God:    Trog [****..]
Gold:   468        SH:  0    Dex: 18    Spells: 0 memorised, 11 levels left

rFire  + . .     SeeInvis .     a - +1 trident {freeze, rPois rN++ Int-2}
rCold  . . .     Gourm    .     g - +0 scale mail
rNeg   + + .     Faith    .     (no shield)
rPois  +         Spirit   .     (no helmet)
rElec  .         Dismiss  .     o - +1 cloak
rCorr  .         Reflect  .     (no gloves)
SustAt +         Harm     .     u - +0 pair of boots
MR     ++...                    (no amulet)
Stlth  ..........               F - ring of sustain attributes
                                G - ring of protection from fire

@: berserking (expiring), regenerating, very quick, very resistant to hostile
enchantments, extremely unstealthy
A: change form in water, swift swim
a: Berserk, Trog's Hand, Brothers in Arms, Burn Spellbooks, Renounce Religion


You were in a volcano.
You worshipped Trog.
Trog was greatly pleased with you.
You were hungry.

You visited 2 branches of the dungeon, and saw 14 of its levels.
You also visited: Volcano.

You collected 636 gold pieces.
You spent 168 gold pieces at shops.

Inventory:

Hand Weapons
 a - the +1 trident "Ragomoas" (weapon) {freeze, rPois rN++ Int-2}
   (You acquired it on level 1 of the Lair of Beasts)

   It has been specially enchanted to freeze those struck by it, causing extra
   injury to most foes and up to half again as much damage against particularly
   susceptible opponents.
   It can also slow down cold-blooded creatures.
   It affects your intelligence (-2).
   It protects you from poison.
   It greatly protects you from negative energy.
 b - a +4 glaive of protection
Missiles
 s - 6 poisoned javelins (quivered)
Armour
 g - a +0 scale mail (worn)
 o - a +1 cloak (worn)
 u - a +0 pair of boots (worn)
Jewellery
 F - a ring of sustain attributes (right hand)
 G - a ring of protection from fire (left hand)
Wands
 y - a wand of teleportation (7/9)
 B - a wand of paralysis (5/24)
 D - a wand of slowing (29/48)
 M - a wand of disintegration (17/24)
Scrolls
 e - a scroll of enchant weapon
 f - 4 scrolls of remove curse
 j - a scroll of enchant armour
 k - a scroll of blinking
 n - 2 scrolls of noise
 q - a scroll of recharging
 r - 3 scrolls of teleportation
 w - 2 scrolls of immolation
 z - 2 scrolls of fog
 C - 3 scrolls of identify
 E - a scroll of fear
 J - a scroll of acquirement
 N - a scroll of amnesia {unknown}
Potions
 h - a potion of berserk rage
 l - a potion of might
 p - 2 potions of heal wounds
 t - 3 potions of curing
 v - 4 potions of flight
 H - a potion of haste
 L - a potion of lignification {unknown}
Books
 x - a book of Minor Magic

   Spells                             Type                      Level
   a - Magic Dart                     Conjuration                  1
   b - Blink                          Translocation                2
   c - Call Imp                       Summoning                    2
   d - Repel Missiles                 Charms/Air                   2
   e - Slow                           Hexes                        2
   f - Conjure Flame                  Conjuration/Fire             3
   g - Mephitic Cloud                 Conjuration/Poison/Air       3
   Trog disapproves of the use of such an item.
 A - a book of Unlife

   Spells                             Type                      Level
   a - Recall                         Summoning/Translocation      3
   b - Animate Dead                   Necromancy                   4
   c - Control Undead                 Necromancy                   4
   d - Cigotuvi's Embrace             Necromancy                   5
   e - Death Channel                  Necromancy                   6
   f - Simulacrum                     Ice/Necromancy               6
   Trog disapproves of the use of such an item.
Comestibles
 c - 6 bread rations
 d - 10 fruits
 i - 3 meat rations
 m - a slice of pizza


   Skills:
 - Level 10.1 Fighting
 + Level 16.7 Polearms
 + Level 6.9 Armour
 - Level 11.9 Dodging


You had 11 spell levels left.
You didn't know any spells.

Dungeon Overview and Level Annotations

Branches:
Dungeon (10/15)            Temple (0/1) D:4            Lair (4/8) D:9
 Shoals (0/4) Lair:3        Snake (0/4) Lair:3          Orc (0/2) D:10

Altars:
Kikubaaqudgha
Makhleb
Okawaru
Ru
Sif Muna
Trog
Vehumet
Xom

Shops:
D:4 }   D:7 (   D:8 (

Annotations:
D:7 Maurice


Message History

The fire bat closely misses you. The fire bat barely misses you.
The hell hound breathes flames at you.
The blast of flame hits the fire bat.
The fire bat completely resists.
The blast of flame misses you.
The blast of flame hits the mottled dragon.
The mottled dragon resists.
The fire bat bites you but does no damage.
You impale the mottled dragon!! You freeze the mottled dragon.
You kill the mottled dragon!
Trog accepts your kill. The fire bat barely misses you.
The fire bat misses you.
The fire bat bites you but does no damage.
The fire bat bites you.
* * * LOW HITPOINT WARNING * * *
You are engulfed in flames.
You resist.
* * * LOW HITPOINT WARNING * * *
The fire bat bites you.
* * * LOW HITPOINT WARNING * * *
You are engulfed in flames.
You resist.
You die...

### #.# #..# .)!
### ....# #..
#.∩. )!. #.#
#)[.# ...#.# ...
#.#.##.# #.bb.#
##.#b@bb###
#...bbbl..#
$..###.b.h..DD..
. #....#.###.
..##### .. $!.
.# #∩.## !# ###
# ##


You could see a fire dragon, a komodo dragon, a hell hound, a mottled dragon and
9 fire bats.

Vanquished Creatures
  Snorg (D:9)
  The ghost of Dickchan the Frost Mage, a novice MfIE (D:9)
  The ghost of sinon the Cleaver, a novice MiGl of Pakellas (D:5)
  A black mamba (Lair:2)
  Joseph (D:7)
  A rime drake (Lair:2)
  2 spiny frogs (Lair:3)
  2 komodo dragons
  2 trolls (D:9)
  9 blink frogs
  Eustachio (D:4)
  A basilisk (Lair:3)
  2 fire bats (Volcano)
  8 yaks
  A steam dragon (D:9)
  2 hippogriffs
  2 mottled dragons (Volcano)
  Duvessa (D:7)
  3 nagas (Lair:3)
  A hell hound (Volcano)
  7 porcupines
  6 water moccasins
  3 orc warriors
  6 ice beasts
  A necrophage (D:9)
  2 black bears
  5 ogres
  2 centaurs
  6 crocodiles
  A big kobold (D:9)
  8 giant frogs
  Blork the orc (D:6)
  Dowan (D:7)
  2 scorpions
  3 howler monkeys
  9 wights (D:8)
  8 crimson imps
  A giant frog zombie (D:8)
  5 hounds
  2 jellies
  4 orc priests
  4 giant frog skeletons
  7 iguanas
  3 worker ants
  6 orc wizards
  2 hound zombies
  A hound skeleton (D:4)
  A howler monkey zombie (D:7)
  2 worker ant zombies
  12 adders
  4 gnolls (D:3)
  30 river rats
  3 oozes
  2 adder zombies
  3 worms
  5 dart slugs
  7 giant geckos
  16 orcs
  A ball python (D:2)
  2 giant cockroaches
  13 goblins
  9 hobgoblins
  5 jackals
  11 kobolds
  3 quokkas
  8 bats
  2 giant gecko skeletons
  10 giant newts
  A jackal zombie (D:7)
  2 quokka skeletons
  12 rats
313 creatures vanquished.

Vanquished Creatures (others)
  A plant (Lair:1)
1 creature vanquished.

Grand Total: 314 creatures vanquished

Notes
Turn   | Place    | Note
--------------------------------------------------------------
     0 | D:1      | Kloppie the Merfolk Berserker began the quest for the Orb.
     0 | D:1      | Reached XP level 1. HP: 18/18 MP: 1/1
    31 | D:1      | Reached XP level 2. HP: 17/24 MP: 2/2
   744 | D:1      | Reached skill level 5 in Polearms
   744 | D:1      | Reached XP level 3. HP: 26/30 MP: 3/3
   831 | D:1      | Reached ** piety under Trog
  1379 | D:2      | Found a sacrificial altar of Ru.
  1396 | D:2      | Reached XP level 4. HP: 37/37 MP: 4/4
  2008 | D:2      | Reached *** piety under Trog
  2159 | D:3      | Reached skill level 6 in Polearms
  2159 | D:3      | Reached XP level 5. HP: 42/43 MP: 5/5
  2256 | D:3      | Found an ancient bone altar of Kikubaaqudgha.
  2504 | D:3      | Reached skill level 5 in Dodging
  2589 | D:3      | Reached XP level 6. HP: 37/49 MP: 6/6
  2721 | D:3      | Found an iron altar of Okawaru.
  2806 | D:3      | Reached skill level 5 in Fighting
  2806 | D:3      | Reached skill level 7 in Polearms
  3537 | D:4      | Reached XP level 7. HP: 52/56 MP: 7/7
  3592 | D:4      | Found Moehoido's Gadget Shoppe.
  3600 | D:4      | Found a staircase to the Ecumenical Temple.
  3608 | D:4      | Found an ancient bone altar of Kikubaaqudgha.
  3683 | D:4      | Noticed Eustachio
  3700 | D:4      | HP: 2/84 [orc warrior/broad axe (14)]
  3729 | D:4      | Killed Eustachio
  3729 | D:4      | Reached skill level 8 in Polearms
  4181 | D:5      | Entered Level 5 of the Dungeon
  4185 | D:5      | Reached **** piety under Trog
  4185 | D:5      | Reached XP level 8. HP: 63/64 MP: 8/8
  4301 | D:5      | Noticed sinon's ghost (novice MiGl)
  4325 | D:5      | Killed sinon's ghost
  4325 | D:5      | Reached skill level 9 in Polearms
  4706 | D:5      | Reached skill level 10 in Polearms
  5287 | D:6      | Reached XP level 9. HP: 68/72 MP: 9/9
  5540 | D:6      | Noticed Blork the orc
  5550 | D:6      | Killed Blork the orc
  5948 | D:7      | Found Ufewke's Antique Weapon Boutique.
  5970 | D:7      | Bought a runed spear for 84 gold pieces
  5970 | D:7      | Bought a glowing spear for 84 gold pieces
  6023 | D:7      | Noticed Joseph
  6042 | D:7      | Killed Joseph
  6042 | D:7      | Reached skill level 11 in Polearms
  6189 | D:7      | Noticed Duvessa
  6189 | D:7      | Noticed Dowan
  6208 | D:7      | Killed Duvessa
  6208 | D:7      | Reached skill level 10 in Dodging
  6219 | D:7      | Killed Dowan
  6823 | D:8      | Found Cibly's Antique Weapon Boutique.
  6856 | D:8      | Reached ***** piety under Trog
  6978 | D:8      | Noticed Maurice
  7153 | D:8      | Found a shimmering altar of Xom.
  7172 | D:8      | Reached XP level 10. HP: 65/83 MP: 10/10
  7185 | D:8      | Reached skill level 12 in Polearms
  7314 | D:8      | Found a radiant altar of Vehumet.
  7399 | D:8      | Found a deep blue altar of Sif Muna.
  7400 | D:8      | Found a burning altar of Makhleb.
  7643 | D:9      | Noticed Dickchan's ghost (novice MfIE)
  7671 | D:9      | Killed Dickchan's ghost
  7966 | D:9      | Reached skill level 10 in Fighting
  8031 | D:9      | Found a bloodstained altar of Trog.
  8166 | D:9      | Reached skill level 13 in Polearms
  8499 | D:9      | Found a staircase to the Lair.
  8990 | Lair:1   | Entered Level 1 of the Lair of Beasts
  9038 | Lair:1   | Identified a scroll of acquirement
  9039 | Lair:1   | Got an ichor-stained trident
  9040 | Lair:1   | Identified the +1 trident "Ragomoas" {freeze, rPois rN++ Int-2} (You acquired it on level 1 of the Lair of Beasts)
  9178 | D:10     | Entered Level 10 of the Dungeon
  9178 | D:10     | Noticed Snorg
  9199 | D:9      | Killed Snorg
  9199 | D:9      | Reached skill level 14 in Polearms
  9199 | D:9      | Reached XP level 11. HP: 23/90 MP: 11/11
  9258 | D:10     | Found a staircase to the Orcish Mines.
 10198 | Lair:1   | Reached skill level 5 in Armour
 10315 | Lair:1   | Received a gift from Trog
 10521 | Lair:2   | Reached skill level 15 in Polearms
 11804 | Lair:2   | Received a gift from Trog
 12318 | Lair:3   | Found a staircase to the Shoals.
 12668 | Lair:3   | Found a staircase to the Snake Pit.
 12700 | Lair:3   | Reached skill level 16 in Polearms
 13287 | Lair:3   | Reached XP level 12. HP: 97/97 MP: 12/12
 13377 | Lair:3   | HP: 5/145 [yak (11)]
 13839 | Lair:4   | Found a dark tunnel.
 14015 | Volcano  | Entered a volcano
 14047 | Volcano  | Noticed a fire dragon
 14051 | Volcano  | HP: 6/145 [fire bat (4)]
 14051 | Volcano  | Slain by a fire bat

Skill      XL: |  1  2  3  4  5  6  7  8  9 10 11 |
---------------+----------------------------------+-----
Dodging        | 3 4 5 6 7 8 10 11 | 11.9
Polearms       | 5 6 7 8 10 11 14 16 | 16.7
Fighting       | 4 5 6 7 9 10 | 10.1
Armour         | 3 6 |  6.9

Action                   |  1- 3 |  4- 6 |  7- 9 | 10-12 || total
-------------------------+-------+-------+-------+-------++-------
Melee: Spear             |   106 |   200 |   474 |   366 ||  1146
       Tailslap          |       |     5 |       |       ||     5
       Trident           |       |       |       |   499 ||   499
Invok: Berserk           |     1 |     2 |     5 |     6 ||    14
       Trog's Hand       |       |       |     6 |     8 ||    14
  Use: Scroll            |       |       |    11 |    12 ||    23
       Potion            |       |       |     1 |       ||     1
 Stab: Sleeping          |       |     2 |       |       ||     2
  Eat: Chunk             |     2 |     9 |    10 |    20 ||    41
       Beef jerky        |       |       |     2 |       ||     2
       Meat ration       |       |       |     1 |     1 ||     2
       Royal jelly       |       |       |       |     1 ||     1
       Pizza             |       |       |       |     1 ||     1
Armor: Leather armour    |    13 |    16 |       |       ||    29
       Animal skin       |     1 |       |       |       ||     1
       Scale mail        |       |     2 |    48 |   157 ||   207
Dodge: Dodged            |    54 |    78 |   172 |   510 ||   814
